 Dungeon Crawl Stone Soup version 0.25-b1-38-g32f9adbbe0 (webtiles) character file.

Game seed: 8169488635546970768

179923 Amplified the Warrior (level 17, -5/170 HPs)
             Began as a Minotaur Fire Elementalist on June 5, 2020.
             Was a High Priest of Yredelemnul.
             Shot with an arrow by a naga sharpshooter (6 damage)
             ... while petrified by Jorgrun
             ... on level 2 of the Snake Pit on June 7, 2020.
             The game lasted 01:00:05 (41715 turns).

Amplified the Warrior (Minotaur Fire Elementalist) Turns: 41715, Time: 01:00:06

Health: -5/170     AC: 20    Str: 18    XL:     17   Next: 62%
Magic:  24/24      EV:  2    Int: 12    God:    Yredelemnul [*****.]
Gold:   660        SH:  0    Dex: 13    Spells: 17/18 levels left

rFire    + . .     SeeInvis .   K - +6 executioner's axe (freeze)
rCold    + . .     Gourm    .   (shield currently unavailable)
rNeg     + + +     Faith    .   A - +2 scale mail {rF+}
rPois    ∞         Spirit   .   B - +2 hat
rElec    .         Reflect  +   e - +1 cloak
rCorr    +         Harm     .   U - +0 pair of gloves of the Evil One {rC+ rN+ rCorr}
MR       +....                  q - +2 pair of boots {Fly}
Stlth    ..........             f - amulet of reflection
HPRegen  0.38/turn              w - ring of poison resistance
MPRegen  0.19/turn              y - +4 ring of slaying

@: lethally poisoned (-5 -> -5), petrified, berserk cooldown, flying, slowed
A: retaliatory headbutt, fangs 1, horns 2, MP-powered wands
a: Recall Undead Slaves, Injury Mirror, Animate Dead, Drain Life, Enslave Soul,
Renounce Religion, Stop Flying


You were on level 2 of the Snake Pit.
You worshipped Yredelemnul.
Yredelemnul was extremely pleased with you.
You were not hungry.

You visited 6 branches of the dungeon, and saw 31 of its levels.
You also visited: Sewer, Ossuary, Bailey, Gauntlet and Ice Cave.

You collected 3665 gold pieces.
You spent 3005 gold pieces at shops.

Inventory:

Hand Weapons
 K - a +6 executioner's axe of freezing (weapon)
 R - the +7 hand axe "Toinacs Tuga" {antimagic, Fragile rElec Int+6 Dex+2}
   (You found it on level 1 of the Lair of Beasts)

   It reduces the magical energy of the wielder, and disrupts the spells and
   magical abilities of those hit.
   Natural abilities and divine invocations are not affected.
   It affects your intelligence (+6).
   It affects your dexterity (+2).
   It insulates you from electricity.
   It will be destroyed if unequipped.
Missiles
 g - 93 poisoned darts
 Y - 5 throwing nets (quivered)
Armour
 e - a +1 cloak (worn)
 q - a +2 pair of boots of flying (worn)
 A - a +2 scale mail of fire resistance (worn)
 B - a +2 hat (worn)
 E - a +3 leather armour of cold resistance
 U - the +0 pair of gloves of the Evil One (worn) {rC+ rN+ rCorr}
   (You took it off Nikola on level 2 of the Shoals)

   It protects you from cold.
   It protects you from negative energy.
   It provides partial protection from all sources of acid and corrosion.
Jewellery
 b - an uncursed ring of protection from cold
 f - an amulet of reflection (around neck)
 m - an uncursed ring of protection from magic
 w - a ring of poison resistance (left hand)
 y - a +4 ring of slaying (right hand)
 G - an uncursed ring of protection from cold
 H - an uncursed ring of resist corrosion
 L - an uncursed ring of positive energy
 M - the ring of the Queen {rF+ Str+5 SInv}
   (You found it in a Gauntlet)

   [ring of see invisible]

   It affects your strength (+5).
   It protects you from fire.
   It lets you see invisible.
Wands
 l - a wand of digging (18)
 z - a wand of polymorph (39)
 N - a wand of disintegration (43)
 V - a wand of clouds (7)
 X - a wand of iceblast (9)
Scrolls
 a - 5 scrolls of immolation
 d - a scroll of enchant weapon
 o - 5 scrolls of teleportation
 p - 17 scrolls of amnesia
 r - 21 scrolls of remove curse
 v - a scroll of fear
 x - 3 scrolls of silence
 D - 13 scrolls of identify
 P - 2 scrolls of blinking
 S - a scroll of magic mapping
Potions
 h - a potion of curing
 i - 8 potions of flight
 j - 2 potions of resistance
 k - 2 potions of heal wounds
 n - a potion of invisibility
 s - a potion of haste
 t - a potion of ambrosia
 u - 4 potions of magic
 C - a potion of mutation
 I - 4 potions of brilliance
 Q - 2 potions of might
Miscellaneous
 F - a phial of floods
 J - 2 boxes of beasts
 O - 4 phantom mirrors
Comestibles
 c - 41 rations
 W - 2 chunks of flesh


   Skills:
 + Level 20.0 Fighting
 * Level 19.5(20.5) Axes
   Level 12.6(17.3) Maces & Flails
 - Level 11.6 Armour
 + Level 11.9 Dodging
 - Level 1.7 Stealth
 - Level 1.3 Spellcasting
 - Level 0.6 Conjurations
 - Level 2.1 Fire Magic
 - Level 10.9 Invocations


You had 17 spell levels left.
You knew the following spells:

 Your Spells              Type           Power        Failure   Level  Hunger
a - Foxfire               Conj/Fire      #...         38%         1    ##.....

Your spell library contained the following spells:

 Spells                   Type           Power        Failure   Level  Hunger
 Shock                    Conj/Air       #...         54%         1    ##.....
 Apportation              Tloc           #.....       56%         1    ##.....
 Corona                   Hex            #......      56%         1    ##.....
 Freeze                   Ice            #...         56%         1    ##.....
 Sting                    Tmut/Pois      #...         56%         1    ##.....
 Summon Small Mammal      Summ           #...         56%         1    ##.....
 Call Imp                 Summ           #.......     71%         2    ###....
 Ensorcelled Hibernation  Hex/Ice        #.....       71%         2    ###....
 Poisonous Vapours        Pois/Air       #.....       71%         2    ###....
 Slow                     Hex            #.......     71%         2    ###....
 Sublimation of Blood     Necr           #.........   71%         2    ###....
 Swiftness                Chrm/Air       #.......     71%         2    ###....
 Conjure Flame            Conj/Fire      #.......     77%         3    ####...
 Inner Flame              Hex/Fire       #.......     80%         3    ####...
 Ignite Poison            Fire/Tmut/Pois #.......     85%         3    ####...
 Static Discharge         Conj/Air       #.......     88%         3    ####...
 Mephitic Cloud           Conj/Pois/Air  #.......     89%         3    ####...
 Call Canine Familiar     Summ           #.......     91%         3    ####...
 Frozen Ramparts          Ice            #.....       91%         3    ####...
 Ozocubu's Armour         Chrm/Ice       #.......     91%         3    ####...
 Portal Projectile        Hex/Tloc       #.....       91%         3    ####...
 Summon Guardian Golem    Hex/Summ       #.......     91%         3    ####...
 Hailstorm                Conj/Ice       #.......     99%         4    #####..
 Sticky Flame             Conj/Fire      #.......     99%         4    #####..
 Airstrike                Air            #.........   100%        4    #####..
 Cause Fear               Hex            #.........   100%        4    #####..
 Leda's Liquefaction      Hex/Erth       #.........   100%        4    #####..
 Olgreb's Toxic Radiance  Pois           #.......     100%        4    #####..
 Petrify                  Tmut/Erth      #.......     100%        4    #####..
 Summon Ice Beast         Ice/Summ       #.......     100%        4    #####..
 Summon Lightning Spire   Summ/Air       #.......     100%        4    #####..
 Alistair's Intoxication  Tmut/Pois      #.......     100%        5    ######.
 Borgnjor's Vile Clutch   Necr/Erth      #.........   100%        5    ######.
 Fireball                 Conj/Fire      #.........   100%        5    ######.
 Irradiate                Conj/Tmut      #.........   100%        5    ######.
 Lightning Bolt           Conj/Air       #.........   100%        5    ######.
 Silence                  Hex/Air        #.........   100%        5    ######.
 Yara's Violent Unravell  Hex/Tmut       #.........   100%        5    ######.
 Darkness                 Hex            #.........   100%        6    #######
 Eringya's Noxious Bog    Tmut/Pois      #.........   100%        6    #######
 Shadow Creatures         Summ           N/A          100%        6    #######
 Ring of Flames           Chrm/Fire      #.........   100%        7    #######
 Discord                  Hex            #.........   100%        8    #######


Dungeon Overview and Level Annotations

Branches:
Dungeon (15/15)            Temple (0/1) D:4            Lair (6/6) D:11
 Shoals (4/4) Lair:2        Snake (2/4) Lair:4        Slime (0/5) Lair:5
    Orc (2/2) D:12            Elf (2/3) Orc:2        Vaults (0/5) D:13
 Depths (0/5) D:15          Sewer (visited)         Ossuary (visited)
 Bailey (visited)           IceCv (visited)         Gauntlet (visited)

Altars:
Ashenzari
Dithmenos
Okawaru
Ru
Sif Muna
Trog
Uskayaw
Vehumet
Xom
Yredelemnul
Jiyva

Shops:
D:8 (   D:13 }   D:14 (   D:15 :   Orc:2 ![}   Snake:1 (

Portals:
Pandemonium: Orc:2

Annotations:
D:4 1 runed translucent door, ajores's ghost, novice OpCK
D:10 3 runed translucent doors, later.
Elf:1 Shoal to Snakes, slow.
Abyss:1 Edmund


Innate Abilities, Weirdness & Mutations

You reflexively headbutt those who attack you in melee.
You have a pair of horns on your head.
You have very sharp teeth.
You expend magic power (3 MP) to strengthen your wands.


Message History

* * * LOW HITPOINT WARNING * * *
You are engulfed in flames.
You resist.
* * * LOW HITPOINT WARNING * * *
The naga sharpshooter unwields a +0 short sword.
The naga sharpshooter wields a +0 shortbow.
The naga sharpshooter shoots an arrow.
The arrow hits you.
* * * LOW HITPOINT WARNING * * *
Your vampire hits the salamander!
Your vampire bites the salamander.
Your vampire draws strength from the salamander's injuries!
The naga sharpshooter shoots an arrow.
The arrow hits you.
* * * LOW HITPOINT WARNING * * *
The salamander hits you from afar with a +0 trident.
* * * LOW HITPOINT WARNING * * *
You are engulfed in flames.
You resist.
* * * LOW HITPOINT WARNING * * *
Your vampire hits the salamander.
Your vampire barely misses the salamander.
The naga sharpshooter shoots an arrow.
The arrow hits you!
You die...
Your body rises from the dead as a mindless zombie.

##.. .##..... #....
.#.#. .....##....
#.#.###..#.....#
#.#...###....## ##
#.#.....#....####...
#.#........).....#
##.#.....##.....#.#
###.##.#...###.|))N.#
...###.#....##NV@##...#
.#..#.###...#N##NN# ..#
...### ....(# ##)#
..#.# ....#.. #..
.#.#.. .##.. ....
..##.... N .(.... ###
....#. ..... ..# ....
..... ..... #.. ...g


You could see 2 naga sharpshooters, a salamander, 2 nagas and a friendly vampire
(invisible).

Vanquished Creatures
  Jorgrun (Snake:2)
  Frances (D:14)
  A kraken (Shoals:3)
  2 deep elf sorcerers (Elf:1)
  An orc warlord (Orc:1)
  A minotaur (Gauntlet)
  A merfolk javelineer (Shoals:3)
  3 merfolk impalers
  Harold (D:9)
  Erolcha (D:12)
  6 hydras
  An alligator snapping turtle (Shoals:3)
  A catoblepas (Lair:2)
  4 centaur warriors
  A merfolk aquamancer (Shoals:3)
  2 dancing weapons (Elf:1)
  6 two-headed ogres
  3 anacondas
  A death scarab (Gauntlet)
  A satyr (Shoals:2)
  9 orc high priests (Orc:2)
  An ogre mage (D:15)
  2 naga sharpshooters (Snake:1)
  3 deep elf knights (Elf:1)
  Nergalle (D:12)
  A fire crab (Shoals:2)
  A shadow wraith (D:13)
  2 unseen horrors (D:13)
  An orange crystal statue (Gauntlet)
  4 wizards (Elf:1)
  5 sea snakes
  A gelid demonspawn (Orc:2)
  An infernal demonspawn (Orc:2)
  Pikel (D:4)
  4 deep elf archers (Elf:1)
  The ghost of Winsalot the Shield-Bearer, a novice GnFi (D:5)
  5 orc knights
  A wolf spider zombie (D:14)
  A faun (shapeshifter) (D:13)
  2 mana vipers (Snake:1)
  14 harpies
  12 ugly things
  4 fauns
  5 cyclopes
  24 deep elf magi
  3 orc sorcerers
  10 elephants
  5 manticores
  3 salamanders
  Maurice (D:12)
  7 black mambas
  Joseph (Lair:1)
  6 merfolk sirens
  3 water nymphs (Shoals:3)
  An oklob plant (Lair:1)
  An orange demon (Orc:2)
  A guardian serpent (Snake:2)
  5 centaur zombies
  12 spiny frogs
  3 ice statues
  A rust devil (Orc:2)
  A naga mage (Snake:2)
  5 centaur skeletons
  2 kobold demonologists (D:13)
  2 gargoyles
  3 rime drakes
  A yaktaur (D:12)
  10 komodo dragons
  2 efreet
  17 merfolk
  8 trolls
  A freezing wraith (D:15)
  A harpy zombie (D:15)
  7 polar bears
  3 wind drakes (Shoals:2)
  Prince Ribbit (D:5)
  3 hornets (Lair:6)
  10 slime creatures
  5 snapping turtles
  A polar bear (shapeshifter) (D:13)
  3 raiju (Lair:6)
  9 hippogriffs
  4 blink frogs (Lair:2)
  12 dream sheep
  A shadow (D:12)
  8 wyverns
  5 water elementals
  A wraith (D:14)
  Eustachio (D:6)
  A fire bat (Shoals:2)
  A spectral komodo dragon (Gauntlet)
  12 vampire mosquitoes
  2 basilisks (Lair:6)
  26 yaks
  2 hungry ghosts
  Menkaure (D:6)
  10 nagas
  6 wargs
  2 soldier ants (Gauntlet)
  15 water moccasins
  Duvessa (D:6)
  7 hell hounds (Lair:6)
  4 porcupines
  7 black bears (Lair:6)
  5 sky beasts
  Purgy (Sewer)
  25 orc warriors
  20 ice beasts
  2 phantoms
  2 eyes of draining (D:11)
  15 wolves
  8 ogres
  A boggart (Elf:1)
  6 centaurs
  4 big kobolds
  7 crocodiles
  An elf zombie (Ossuary)
  16 bullfrogs
  2 wyvern zombies
  A wyvern skeleton (D:7)
  2 scorpions
  Dowan (D:6)
  20 wights
  3 howler monkeys
  2 electric eels (Lair:5)
  4 crimson imps
  2 bullfrog zombies (D:11)
  A jelly (D:5)
  15 orc wizards
  11 orc priests
  5 hounds
  3 bullfrog skeletons
  4 iguanas
  Natasha (thrice) (D:3)
  6 worker ants
  2 hound zombies (D:7)
  A hound skeleton (D:4)
  2 worker ant zombies
  5 mummies
  5 gnolls
  20 adders
  4 shadow imps
  3 white imps (Lair:6)
  An ooze (D:3)
  An adder zombie (Ossuary)
  2 adder skeletons
  A worm (D:3)
  A dart slug (D:5)
  4 leopard geckos
  59 orcs
  7 giant cockroaches
  2 gnoll zombies (D:4)
  7 hobgoblins
  8 jackals
  31 kobolds
  3 quokkas
  7 ball pythons
  3 bats (D:2)
  5 frilled lizards
  6 goblins
  3 goblin zombies (Ossuary)
  7 hobgoblin zombies (Ossuary)
  2 jackal skeletons
  2 jackal zombies (Ossuary)
  10 kobold zombies (Ossuary)
  A leopard gecko skeleton (D:8)
  7 orc zombies (Ossuary)
  6 rats
  A rat zombie (Ossuary)
  9 plants
  3 tentacles (Shoals:3)
871 creatures vanquished.

Vanquished Creatures (collateral kills)
  Nikola (Shoals:2)
  Snorg (D:12)
  A merfolk impaler (Shoals:2)
  A hydra (D:12)
  A catoblepas (D:15)
  A merfolk aquamancer (Shoals:2)
  A centaur warrior (D:15)
  A satyr (Shoals:3)
  3 dancing weapons
  A deep elf knight (Elf:1)
  A fire crab (Shoals:2)
  3 sea snakes
  A skeletal warrior (D:12)
  A wizard (D:15)
  2 unseen horrors (D:12)
  2 deep elf archers (Elf:1)
  11 deep elf magi
  8 harpies
  An orc sorcerer (Orc:2)
  A wolf spider (Lair:6)
  6 fauns
  An oklob plant (Lair:1)
  4 slime creatures
  7 ugly things
  2 manticores
  An elephant (Lair:6)
  4 merfolk sirens
  A guardian serpent (Lair:6)
  8 water nymphs
  A black mamba (Lair:6)
  2 centaur skeletons
  A spiny frog (Lair:6)
  2 rust devils (Orc:2)
  A smoke demon (Orc:2)
  2 komodo dragons
  5 polar bears (Lair:6)
  10 merfolk
  A troll (D:15)
  A hornet (D:12)
  A wind drake (Shoals:1)
  A blink frog (Lair:2)
  A dream sheep (Lair:6)
  A hippogriff (Lair:1)
  6 snapping turtles
  A redback (Lair:6)
  A centaur simulacrum (D:15)
  2 yaks (D:10)
  2 fire elementals (Elf:1)
  A wyvern (Lair:6)
  A wraith (D:12)
  3 water elementals
  A chaos spawn (Orc:2)
  A vampire mosquito (D:14)
  A hungry ghost (D:12)
  3 wargs
  3 hell hounds (Lair:6)
  A water moccasin (D:9)
  A porcupine (Lair:2)
  3 orc warriors
  4 black bears (Lair:6)
  4 wolves (Lair:6)
  5 centaurs
  A bullfrog (D:15)
  A scorpion (D:12)
  3 wights
  A hound (D:9)
  6 orc priests
  2 iguanas
  2 orc wizards
  An adder (D:8)
  2 shadow imps
  12 orcs
  4 fungi
  2 plants
188 creatures vanquished.

Vanquished Creatures (others)
  A profane servitor (Shoals:3)
  A queen ant (Gauntlet)
  3 skeletal warriors
  2 flayed ghosts
  5 phantasmal warriors
  An ugly thing (IceCv)
  8 elephants
  3 spiny frogs
  A black mamba (Lair:6)
  An ice statue (IceCv)
  2 komodo dragons
  An ice devil (Lair:6)
  2 polar bears
  3 hippogriffs
  8 flying skulls
  4 wyverns
  3 yaks
  2 vampires (Lair:6)
  A basilisk (Lair:2)
  3 water moccasins
  A soldier ant (Gauntlet)
  2 hell hounds (Lair:6)
  A sky beast (D:9)
  3 ice beasts
  An orc warrior (Bailey)
  A slave (D:4)
  2 necrophages (D:11)
  6 wolves
  A crocodile (Lair:6)
  2 bullfrogs
  3 wights
  3 hounds
  A human zombie (Ossuary)
  An orc priest (D:11)
  4 orc wizards
  2 worker ants (D:7)
  A big kobold zombie (Ossuary)
  A mummy (D:11)
  An adder (D:2)
  An adder zombie (D:6)
  A worm (D:3)
  3 orcs (D:3)
  A giant cockroach (D:4)
  A kobold (D:2)
  A bat (D:3)
  2 hobgoblin zombies (Ossuary)
  An orc zombie (Ossuary)
  A quokka zombie (D:8)
  A rat (D:2)
  A bush (Lair:6)
  21 fungi
  58 plants
  9 tentacles (Shoals:3)
194 creatures vanquished.

Grand Total: 1253 creatures vanquished

Notes
Turn   | Place    | Note
-------+----------+-------------------------------------------
     0 | D:1      | Amplified the Minotaur Fire Elementalist began the quest
                  | for the Orb.
     0 | D:1      | Reached XP level 1. HP: 14/14 MP: 1/1
   154 | D:1      | Reached skill level 1 in Fighting
   154 | D:1      | Reached skill level 1 in Armour
   154 | D:1      | Reached XP level 2. HP: 12/23 MP: 3/3
   830 | D:1      | Reached XP level 3. HP: 28/28 MP: 4/4
  1315 | D:2      | Reached skill level 2 in Fighting
  1319 | D:2      | Reached skill level 1 in Maces & Flails
  1565 | D:2      | Found a shadowy altar of Dithmenos.
  1571 | D:2      | Reached XP level 4. HP: 36/36 MP: 5/5
  1762 | D:3      | Found a hide-covered altar of Uskayaw.
  1840 | D:3      | Noticed an ogre
  1878 | D:4      | Noticed a slave
  1881 | D:4      | Noticed a slave
  1881 | D:4      | Noticed Pikel
  1882 | D:4      | Banished a slave
  1883 | D:4      | Noticed a slave
  1885 | D:4      | Noticed a slave
  1900 | D:4      | Killed Pikel
  1900 | D:4      | Reached skill level 5 in Fighting
  1900 | D:4      | Reached XP level 5. HP: 48/48 MP: 6/6
  1900 | D:4      | Reached XP level 6. HP: 56/56 MP: 7/7
  1900 | D:4      | Reached XP level 7. HP: 61/61 MP: 8/8
  2535 | D:4      | Found a runed translucent door.
  2536 | D:4      | Noticed ajores's ghost (novice OpCK)
  2609 | D:4      | Found a staircase to the Ecumenical Temple.
  2669 | D:4      | Found a basalt altar of Yredelemnul.
  2677 | D:4      | Became a worshipper of Yredelemnul the Dark
  2777 | D:3      | Found a radiant altar of Vehumet.
  2781 | D:3      | Reached skill level 5 in Maces & Flails
  2922 | D:3      | Found a shattered altar of Ashenzari.
  2984 | D:3      | Noticed Natasha
  2988 | D:3      | Killed Natasha
  3084 | D:3      | Noticed Natasha
  3091 | D:3      | Killed Natasha
  3412 | D:3      | Noticed Natasha
  3416 | D:3      | Killed Natasha
  3416 | D:3      | Reached skill level 6 in Fighting
  3599 | D:5      | Entered Level 5 of the Dungeon
  3608 | D:5      | Found a sand-covered staircase.
  3614 | Ossuary  | Entered an ossuary
  3686 | Ossuary  | Reached * piety under Yredelemnul
  3774 | Ossuary  | Reached XP level 8. HP: 70/70 MP: 9/9
  3858 | Ossuary  | Reached ** piety under Yredelemnul
  4020 | D:5      | Found a glowing drain.
  4053 | D:5      | Noticed Prince Ribbit
  4062 | Sewer    | Entered a sewer
  4093 | Sewer    | Noticed Purgy
  4101 | Sewer    | Killed Purgy
  4101 | Sewer    | Reached skill level 5 in Dodging
  4204 | D:5      | Killed Prince Ribbit
  4204 | D:5      | Reached skill level 7 in Fighting
  4204 | D:5      | Reached skill level 5 in Armour
  4412 | D:5      | Found a runed translucent door.
  4422 | D:5      | Noticed Winsalot's ghost (novice GnFi)
  4434 | D:5      | Killed Winsalot's ghost
  4434 | D:5      | Reached skill level 8 in Fighting
  4434 | D:5      | Reached XP level 9. HP: 74/81 MP: 10/10
  4587 | D:5      | Found a sacrificial altar of Ru.
  4833 | D:6      | Noticed Eustachio
  4910 | D:6      | Killed Eustachio
  4921 | D:6      | Noticed Edmund
  5055 | D:6      | Banished Edmund
  5055 | D:6      | Reached skill level 9 in Fighting
  5106 | D:6      | Found a sacrificial altar of Ru.
  5155 | D:6      | Noticed Duvessa
  5155 | D:6      | Noticed Dowan
  5157 | D:6      | Killed Dowan
  5169 | D:6      | Killed Duvessa
  5484 | D:6      | Reached *** piety under Yredelemnul
  5600 | D:6      | Noticed Menkaure
  6036 | D:6      | Gained mutation: You expend magic power (3 MP) to
                  | strengthen your wands. [potion of mutation]
  6036 | D:6      | Gained mutation: You have very sharp teeth. [potion of
                  | mutation]
  6041 | D:6      | Killed Menkaure
  6409 | D:7      | Found an iron altar of Okawaru.
  6410 | D:7      | Found a shimmering blue altar of Sif Muna.
  6528 | D:7      | Reached XP level 10. HP: 88/93 MP: 11/11
  6665 | D:7      | Reached skill level 10 in Fighting
  6786 | D:8      | Found a flagged portal.
  6795 | D:8      | Got a bloodstained hand axe
  6802 | Bailey   | Entered a bailey
  6904 | Bailey   | Got a diamond-encrusted leather armour
  6926 | Bailey   | Noticed an orc knight
  6942 | Bailey   | Killed an orc knight
  6942 | Bailey   | Reached skill level 10 in Maces & Flails
  6986 | Bailey   | Found a bloodstained altar of Trog.
  7123 | D:8      | Received a gift from Yredelemnul (3 flying skulls)
  7562 | D:8      | Found Oxydoj's Weapon Shoppe.
  7571 | D:8      | Identified the cursed +1 hand axe of Jyxki {holy, +Inv MP+9
                  | Dex-2} (You found it on level 8 of the Dungeon)
  8219 | D:9      | Noticed a two-headed ogre
  8226 | D:9      | Killed a two-headed ogre
  8286 | D:9      | Identified the +2 leather armour of Qazlal's Generosity
                  | {+Blink Int-2 Dex+5 Stlth+} (You found it in a bailey)
  8365 | D:9      | Reached skill level 11 in Fighting
  8820 | D:9      | Noticed Harold
  8842 | D:9      | Killed Harold
  9058 | D:10     | Entered Level 10 of the Dungeon
  9397 | D:10     | Reached XP level 11. HP: 35/103 MP: 10/12
  9693 | D:10     | Reached **** piety under Yredelemnul
 10175 | D:10     | Found a runed translucent gate.
 10175 | D:10     | Found a runed translucent gate.
 10176 | D:10     | Found a runed translucent gate.
 10176 | D:10     | Noticed a purple ugly thing
 10176 | D:10     | Noticed a white ugly thing
 10176 | D:10     | Noticed a cyan ugly thing
 10176 | D:10     | Noticed a green ugly thing
 10177 | D:10     | Noticed a green ugly thing
 10178 | D:10     | Noticed a purple very ugly thing
 10309 | D:11     | Reached skill level 12 in Fighting
 10416 | D:11     | Found a frozen archway.
 10459 | D:11     | Received a gift from Yredelemnul (a mummy)
 10572 | IceCv    | Entered an ice cave
 10608 | IceCv    | Noticed a white ugly thing
 10621 | IceCv    | Banished a white ugly thing
 10806 | IceCv    | Noticed a white ugly thing
 10960 | IceCv    | Killed a white ugly thing
 11167 | D:11     | Reached skill level 1 in Axes
 11180 | D:11     | Reached skill level 13 in Fighting
 11513 | D:11     | Found a staircase to the Lair.
 12041 | D:12     | Noticed Maurice
 12053 | Lair:1   | Entered Level 1 of the Lair of Beasts
 12157 | Lair:1   | Noticed Joseph
 12160 | Lair:1   | Reached XP level 12. HP: 109/115 MP: 13/13
 12179 | Lair:1   | Killed Joseph
 12179 | Lair:1   | Reached skill level 1 in Invocations
 12179 | Lair:1   | Received a gift from Yredelemnul (4 flying skulls)
 12654 | Lair:2   | Reached skill level 5 in Axes
 13072 | Lair:2   | Found a staircase to the Shoals.
 13379 | Lair:2   | Noticed a catoblepas
 13481 | Lair:2   | Reached skill level 14 in Fighting
 14486 | Lair:2   | Killed a catoblepas
 14663 | Lair:3   | Reached skill level 5 in Invocations
 14663 | Lair:3   | Received a gift from Yredelemnul (a mummy)
 15024 | Lair:3   | Received a gift from Yredelemnul (a vampire)
 15285 | Lair:3   | You fall into a shaft and drop 1 floor!
 15552 | Lair:4   | Found a staircase to the Snake Pit.
 15793 | Lair:4   | Noticed a four-headed hydra
 15803 | Lair:4   | Killed a four-headed hydra
 15803 | Lair:4   | Reached XP level 13. HP: 87/125 MP: 16/16
 16394 | Lair:5   | Found a gate leading to a gauntlet.
 16423 | Gauntlet | Entered a Gauntlet
 16423 | Gauntlet | Found a transporter.
 16423 | Gauntlet | Found a transporter.
 16427 | Gauntlet | Found a transporter.
 16427 | Gauntlet | Found a transporter.
 16443 | Gauntlet | Found a transporter.
 16453 | Gauntlet | Found a transporter.
 16456 | Gauntlet | Found a transporter.
 16477 | Gauntlet | Found a transporter.
 16488 | Gauntlet | Found a transporter.
 16524 | Gauntlet | Found a transporter.
 16570 | Gauntlet | Found a transporter.
 16586 | Gauntlet | Found a transporter.
 16674 | Gauntlet | Found a transporter.
 16689 | Gauntlet | Found a transporter.
 16703 | Gauntlet | Found a transporter.
 16716 | Gauntlet | Found a transporter.
 16788 | Gauntlet | Noticed a spark wasp
 17287 | Gauntlet | Reached skill level 15 in Fighting
 17287 | Gauntlet | Received a gift from Yredelemnul (a wight)
 17339 | Gauntlet | Noticed a minotaur
 17346 | Gauntlet | Killed a minotaur
 17355 | Gauntlet | Got a bound platinum ring
 17359 | Gauntlet | Identified the ring of the Queen {rF+ Str+5 SInv} (You
                  | found it in a Gauntlet)
 18357 | Lair:5   | Found a viscous altar of Jiyva.
 18357 | Lair:5   | Found a staircase to the Slime Pits.
 18998 | Lair:6   | Entered Level 6 of the Lair of Beasts
 19103 | Lair:6   | Reached skill level 10 in Axes
 19158 | Lair:6   | Received a gift from Yredelemnul (a vampire)
 19586 | Lair:6   | Paralysed by a hornet for 3 turns
 19791 | Lair:6   | Reached skill level 16 in Fighting
 19818 | Lair:6   | Reached ***** piety under Yredelemnul
 20117 | Lair:6   | Reached XP level 14. HP: 42/137 MP: 19/19
 20206 | Lair:6   | Received a gift from Yredelemnul (a phantasmal warrior)
 21016 | Lair:6   | Received a gift from Yredelemnul (a phantasmal warrior)
 21097 | Lair:6   | Received a gift from Yredelemnul (a vampire)
 21430 | Lair:6   | Received a gift from Yredelemnul (2 flying skulls)
 22655 | Lair:6   | Got an ichor-stained dagger
 22664 | Lair:6   | Identified the +7 dagger of Descent {vorpal, +Rage rElec
                  | rF- Dex-5} (You found it on level 6 of the Lair of Beasts)
 22768 | Lair:6   | Reached skill level 10 in Invocations
 23052 | D:12     | Received a gift from Yredelemnul (a skeletal warrior)
 23169 | D:12     | Found a staircase to the Orcish Mines.
 23199 | D:12     | Received a gift from Yredelemnul (a phantasmal warrior)
 23346 | D:12     | Killed Maurice
 23350 | D:12     | Reached skill level 17 in Fighting
 23412 | D:12     | Noticed Snorg
 23419 | D:12     | Noticed Erolcha
 23421 | D:12     | Killed Snorg
 23426 | D:12     | Killed Erolcha
 23621 | D:12     | Received a gift from Yredelemnul (a phantasmal warrior)
 23690 | D:12     | Noticed Nergalle
 23694 | D:12     | Killed Nergalle
 23743 | D:12     | Received a gift from Yredelemnul (a skeletal warrior)
 24102 | D:12     | Received a gift from Yredelemnul (a flayed ghost)
 24980 | Orc:1    | Entered Level 1 of the Orcish Mines
 25049 | Orc:1    | Found a shimmering blue altar of Sif Muna.
 25066 | Orc:1    | Identified Sif Muna's Reference Book on the Traveller
 25170 | Orc:2    | Entered Level 2 of the Orcish Mines
 25311 | Orc:2    | Found Piemeg's Distillery.
 25312 | Orc:2    | Found Ceiq's Food Boutique.
 25762 | Orc:1    | Reached ****** piety under Yredelemnul
 25763 | Orc:1    | Received a gift from Yredelemnul (a skeletal warrior)
 25882 | Orc:1    | Noticed an orc warlord
 26170 | Orc:1    | Killed an orc warlord
 26432 | Orc:2    | Found a staircase to the Elven Halls.
 26695 | Orc:2    | Reached XP level 15. HP: 147/147 MP: 22/22
 26956 | Orc:2    | Bought a potion of curing for 42 gold pieces
 26956 | Orc:2    | Bought a potion of resistance for 140 gold pieces
 26956 | Orc:2    | Bought a potion of curing for 42 gold pieces
 26956 | Orc:2    | Bought a potion of curing for 42 gold pieces
 26956 | Orc:2    | Bought a potion of haste for 140 gold pieces
 26956 | Orc:2    | Bought a potion of invisibility for 112 gold pieces
 26956 | Orc:2    | Bought a potion of might for 56 gold pieces
 26956 | Orc:2    | Bought a potion of berserk rage for 70 gold pieces
 26958 | Orc:2    | Bought a ration for 60 gold pieces
 26958 | Orc:2    | Bought a ration for 60 gold pieces
 26958 | Orc:2    | Bought a ration for 60 gold pieces
 26958 | Orc:2    | Bought a ration for 60 gold pieces
 26958 | Orc:2    | Bought a ration for 60 gold pieces
 26958 | Orc:2    | Bought a ration for 60 gold pieces
 26958 | Orc:2    | Bought a ration for 60 gold pieces
 26958 | Orc:2    | Bought a ration for 60 gold pieces
 26958 | Orc:2    | Bought a ration for 60 gold pieces
 26958 | Orc:2    | Bought a ration for 60 gold pieces
 26958 | Orc:2    | Bought a ration for 60 gold pieces
 27002 | Orc:2    | Paralysed by an orc sorcerer for 7 turns
 27918 | Orc:2    | Reached skill level 10 in Armour
 27919 | Orc:2    | Found Ramionuq's Gadget Emporium.
 27919 | Orc:2    | Found a one-way gate leading to the halls of Pandemonium.
 27919 | Orc:2    | Found Ziogypt's Antique Armour Shoppe.
 27934 | Orc:2    | Bought a distressingly furry ring mail for 261 gold pieces
 27936 | Orc:2    | Bought a wand of digging (3) for 210 gold pieces
 27936 | Orc:2    | Bought a wand of digging (4) for 240 gold pieces
 27936 | Orc:2    | Bought a wand of clouds (8) for 540 gold pieces
 27936 | Orc:2    | Identified the +1 ring mail of Moral Flaws {Harm rF+ rC+
                  | Int+4} (You bought it in a shop on level 2 of the Orcish
                  | Mines)
 28640 | D:13     | Found Hoir Iggewk's Gadget Emporium.
 28918 | D:13     | Reached skill level 18 in Fighting
 28964 | D:13     | Bought a phantom mirror for 450 gold pieces
 29052 | D:13     | Found a gate to the Vaults.
 29280 | D:14     | Found Busyarch's Antique Weapon Boutique.
 29435 | D:14     | Reached skill level 15 in Axes
 29639 | D:14     | Received a gift from Yredelemnul (a vampire knight)
 29922 | D:14     | Noticed Frances
 29927 | D:14     | Killed Frances
 30541 | D:15     | Entered Level 15 of the Dungeon
 30646 | D:15     | Received a gift from Yredelemnul (a bone dragon)
 30660 | D:15     | Received a gift from Yredelemnul (a bone dragon)
 31009 | D:15     | Found a staircase to the Depths.
 31013 | D:15     | Reached XP level 16. HP: 147/159 MP: 23/23
 31013 | D:15     | Received a gift from Yredelemnul (a profane servitor)
 31140 | D:15     | Found Toeko's Book Boutique.
 31522 | Elf:1    | Entered Level 1 of the Elven Halls
 31536 | Elf:1    | Received a gift from Yredelemnul (a skeletal warrior)
 32226 | Elf:1    | Received a gift from Yredelemnul (a flayed ghost)
 32548 | Elf:1    | Received a gift from Yredelemnul (a skeletal warrior)
 32926 | Elf:1    | Identified the Compendium of Dhcmrlchtdj
 33022 | Elf:1    | Identified Ts'ui Pên's Tome of Forking Paths
 33029 | Elf:1    | Identified Ihiluebo's Catalogue of Sand
 33297 | Elf:1    | Reached skill level 19 in Fighting
 33297 | Elf:1    | Received a gift from Yredelemnul (a skeletal warrior)
 33303 | Elf:1    | Reached skill level 10 in Dodging
 33862 | Lair:1   | Got a fine hand axe
 33868 | Lair:1   | Identified the +7 hand axe "Toinacs Tuga" {antimagic,
                  | Fragile rElec Int+6 Dex+2} (You found it on level 1 of the
                  | Lair of Beasts)
 33937 | Shoals:1 | Entered Level 1 of the Shoals
 33962 | Shoals:1 | Received a gift from Yredelemnul (a flayed ghost)
 35909 | Shoals:2 | Received a gift from Yredelemnul (a phantasmal warrior)
 35921 | Shoals:2 | Identified the +0 pair of gloves of the Evil One {rC+ rN+
                  | rCorr}
 35921 | Shoals:2 | Noticed Nikola
 35939 | Shoals:2 | Killed Nikola
 35951 | Shoals:2 | Reached XP level 17. HP: 146/168 MP: 24/24
 36115 | Shoals:2 | Received a gift from Yredelemnul (a ghoul)
 37914 | Shoals:3 | Noticed a kraken
 37927 | Shoals:3 | Killed a kraken
 38781 | Shoals:3 | Got a transparent rapier
 38784 | Shoals:3 | Identified the cursed +0 rapier of Regicide {flame, MP+9
                  | Str+3 Dex-2} (You found it on level 3 of the Shoals)
 39049 | Shoals:3 | Received a gift from Yredelemnul (a bone dragon)
 39087 | Shoals:2 | Upgraded the game from 0.25-b1-37-g2669288c55 to
                  | 0.25-b1-38-g32f9adbbe0
 39859 | Shoals:4 | Entered Level 4 of the Shoals
 40123 | Snake:1  | Entered Level 1 of the Snake Pit
 40313 | Snake:1  | Found a shimmering altar of Xom.
 40639 | Snake:1  | Found a bloodstained altar of Trog.
 40946 | Snake:1  | Found Jyonlit's Weapon Shop.
 41697 | Snake:2  | Noticed Jorgrun
 41704 | Snake:2  | Received a gift from Yredelemnul (a vampire)
 41706 | Snake:2  | Killed Jorgrun
 41706 | Snake:2  | Reached skill level 20 in Fighting
 41713 | Snake:2  | HP: 7/170 [salamander/+0 trident (2)]
 41714 | Snake:2  | HP: 3/170 [salamander/+0 trident (2)]
 41714 | Snake:2  | HP: 1/170 [salamander/+0 trident (2)]
 41715 | Snake:2  | Shot with an arrow by a naga sharpshooter

Illustrated notes

Levels and vault maps discovered:
D:1:      minmay_arrival_loop, layout_loops_corners, minivault_25
D:2:      layout_basic, grunt_dithmenos_smoke
D:3:      layout_rooms, fiery_altar_vehumet, lemuel_doored_altar, first_ration,
          nicolae_ashenzari_panopticon, uniq_natasha
D:4:      lemuel_upstairs_altar, layout_loops_corners,
          lemuel_zombie_altar_yredelemnul, minmay_temple_entry_from_below_a,
          gammafunk_ghost_grave, uniq_pikel
D:5:      layout_loops_ring, ebering_ghost_sewer_d, gup_sewer_entry_glass,
          gup_ossuary_entry_pyramid, nicolae_ru_path_of_blood,
          uniq_prince_ribbit1
D:6:      layout_loops_cross, kennysheep_mini_moat, uniq_eustachio,
          uniq_duvessa, uniq_edmund, uniq_menkaure
D:7:      layout_loops_ring, gammafunk_temple_overflow_pools
D:8:      layout_basic, enter_bailey_2, serial_shops, shop
D:9:      kennysheep_six_static_rooms, layout_small_grid, uniq_harold
D:10:     layout_basic, ploomutoo_gammafunk_ghost_potion_laboratory
D:11:     layout_cave_pods, lair_entry_dummy, portal_ice_cave_entry_ice_beasts,
          serial_undead, serial_undead_b, serial_undead_d, serial_undead_d,
          serial_undead_d
D:12:     minmay_the_grid_3x2 [minmay_the_grid_odd_star,
          minmay_the_grid_minigrid_small, minmay_the_grid_spikes,
          minmay_the_grid_diamond_grid, minmay_the_grid_mess,
          minmay_the_grid_prize_inner_circle], layout_basic, hiddenorc2_lemuel,
          serial_glass, glass_columns_b, glass_columns_c, uniq_erolcha,
          uniq_nergalle, uniq_maurice, uniq_snorg
D:13:     layout_loops_ring, david_vaults_4, serial_shops,
          nicolae_shop_window_shopping
D:14:     layout_basic, minmay_misc_feat_five, serial_shops, shop, uniq_frances
D:15:     grunt_enter_depths_magical_seal, layout_gridville, serial_shops, shop,
          minmay_misc_feat_ornament, hangedman_weighted_door
Lair:1:   layout_layer_cave, minmay_lair_oklob_chamber, uniq_joseph
Lair:2:   layout_cave_pods, minmay_shoals_entry_lonely_mermaid,
          grunt_megastairs_2
Lair:3:   layout_long_grid, gammafunk_ghost_grave, beast_lair_carwin_11,
          lemuel_fruit_tree
Lair:4:   layout_hall_layers, dummy_snake_entry, cheibrodos_lair_lostbears
Lair:5:   layout_gridlike, slime_altar_1, gauntlet_entry_generic
Lair:6:   hangedman_lair_tendril_chambers, layout_regular_city,
          hangedman_lair_caniforms_friends, st_stairs_8, ice2_lemuel
Shoals:1: layout_shoals
Shoals:2: layout_shoals, hangedman_shoal_volcano, uniq_nikola
Shoals:3: layout_shoals, nicolae_shoals_square_sea_wall
Shoals:4: shoals_end_grunt_garden, layout_shoals
Snake:1:  skrybe_snakes_to_sticks, layout_chambers, basic_altar, serial_shops,
          nicolae_shop_competitors_out_of_business
Snake:2:  layout_onion_interference, corexii_hall_statues_deadend, uniq_vashnia,
          uniq_jorgrun
Orc:1:    layout_diamond_mine, led_sif_book
Orc:2:    pf_orc_diabolical, layout_caves
Elf:1:    minmay_elf_arrival_summoners, layout_gridlike,
          hangedman_elf_disciples, hex_medium, hangedman_glass_teeth,
          bh_hangedman_babel_library
Elf:2:    layout_onion_city

Skill      XL: |  1  2  3  4  5  6  7  8  9 10 11 12 13 14 15 16 17 |
---------------+----------------------------------------------------+-----
Fighting       | 1 2 5 6 8 9 11 13 14 16 17 18 19 20 | 20.0
Armour         | 1 3 4 5 6 8 9 11 | 11.6
Maces & Flails | 1 4 5 7 9 11 12 | 12.6
Dodging        | 3 4 5 6 7 8 10 11 | 11.9
Axes           | 3 8 11 13 16 18 19 | 19.5
Invocations    | 6 8 10 | 10.9
Stealth        | |  1.7
Spellcasting   | |  1.3
Conjurations   | |  0.6
Fire Magic     | |  2.1

Action                   |  1- 3 |  4- 6 |  7- 9 | 10-12 | 13-15 | 16-18 || total
-------------------------+-------+-------+-------+-------+-------+-------++-------
Melee: Mace              |    67 |    23 |   292 |   588 |   458 |       ||  1428
       Unarmed           |     3 |       |       |       |       |       ||     3
       Headbutt          |     3 |     1 |    23 |   113 |   208 |    91 ||   439
       Bite              |       |       |     1 |    63 |   109 |    59 ||   232
       Executioner's axe |       |       |       |       |   460 |   461 ||   921
Throw: Dart              |     3 |       |     6 |       |       |       ||     9
       Throwing net      |       |       |       |     1 |       |       ||     1
Invok: Injury Mirror     |       |       |       |     2 |     4 |     3 ||     9
       Drain Life        |       |       |       |       |     1 |       ||     1
 Abil: Evoke Blink       |       |       |       |     1 |       |       ||     1
Evoke: Wand              |       |       |     9 |     6 |     9 |     1 ||    25
       Box of beasts     |       |       |       |     1 |       |       ||     1
       Phial of floods   |       |       |       |     1 |       |       ||     1
  Use: Scroll            |     4 |       |    19 |    11 |    15 |    13 ||    62
       Potion            |     1 |     1 |     8 |    12 |    12 |    12 ||    46
 Stab: Sleeping          |       |       |     6 |     7 |     1 |       ||    14
       Paralysed         |       |       |     2 |       |     3 |       ||     5
       Distracted        |       |       |       |     2 |     6 |     5 ||    13
       Invisible         |       |       |       |       |       |     3 ||     3
  Eat: Chunk             |     2 |     1 |     8 |    14 |    16 |    12 ||    53
       Ration            |       |       |     2 |     5 |    10 |     7 ||    24
Armor: Ring mail         |    33 |     2 |    27 |       |       |       ||    62
       Robe              |     1 |       |       |       |       |       ||     1
       Skin              |       |    15 |    44 |       |       |       ||    59
       Troll leather arm |       |       |     6 |       |       |       ||     6
       Leather armour    |       |       |    12 |   124 |   164 |       ||   300
       Scale mail        |       |       |       |       |   131 |   206 ||   337
Dodge: Dodged            |    47 |     6 |   114 |   331 |   524 |   335 ||  1357
Block: Other             |       |     7 |    49 |   114 |   186 |    93 ||   449
       Reflection        |       |       |     2 |    16 |    10 |    14 ||    42
